General information
			
			
        
        - name: MYM]Pancakes 
 
        - type: Custom game
 
        - host: MYM]Pancakes
 
        - saver: WC3L.Lychee
 
        
map: EchoIsles 
        - players: 12
 
        - length: 28:28
 
        - speed: Fast
 - version: 1.21 W3XP
 - replay type:  Public
 
» download(259 KB)
Players
        team 1 (winner) 
              
              
SK.SoJu- (
pink | 294 APM | 8357 actions | 28:24)
              
 6 Demon Hunter 
 3 Mana Burn
 2 Evasion
 1 Metamorphosis
 5 Pandaren Brewmaster 
 3 Breath of Fire
 2 Drunken Haze
 
                » actions 
                
                | Assign group hotkey | 206 |  | 
| Basic commands | 503 |  | 
| Build / train | 129 |  | 
| ESC pressed | 11 |  | 
| Enter build submenu | 21 |  | 
| Enter hero's abilities submenu | 11 |  | 
| Give item / drop item | 19 |  | 
| Right click | 3173 |  | 
| Select / deselect | 1027 |  | 
| Select group hotkey | 2887 |  | 
| Use ability | 370 |  | 
                8357 total
 » units 
                
                | Wisp | 24 |  | 
| Archer | 1 |  | 
| Forest Troll Shadow Priest | 2 |  | 
| Forest Troll Berserker | 1 |  | 
| Dryad | 16 |  | 
| Druid of the Claw | 10 |  | 
| Faerie Dragon | 2 |  | 
| Hippogryph | 1 |  | 
| Ogre Mauler | 2 |  | 
                59 total
 » upgrades
                
                | Abolish Magic | 1 |  | 
| Druid of the Claw Training | 2 |  | 
| Well Spring | 1 |  | 
| Mark of the Claw | 1 |  | 
| Ultravision | 1 |  | 
| Backpack | 2 |  | 
| Strength of the Wild | 5 |  | 
| Reinforced Hides | 1 |  | 
| Nature's Blessing | 1 |  | 
                15 total
 » buildings
                
                | Altar of Elders | 1 |  | 
| Moon Well | 8 |  | 
| Ancient of War | 1 |  | 
| Tree of Ages | 2 |  | 
| Hunter's Hall | 1 |  | 
| Ancient of Wonders | 1 |  | 
| Ancient of Lore | 2 |  | 
| Tree of Eternity | 2 |  | 
| Ancient of Wind | 2 |  | 
| Tree of Life | 2 |  | 
                22 total
 » build order
                00:03 Altar of Elders
00:16 Moon Well
00:22 Ancient of War
01:34 Moon Well
02:59 Tree of Ages
02:59 Tree of Ages
03:27 Moon Well
04:15 Hunter's Hall
04:49 Ancient of Wonders
05:37 Ancient of Lore
06:15 Tree of Eternity
06:15 Tree of Eternity
06:30 Ancient of Lore
07:47 Moon Well
08:12 Moon Well
10:57 Moon Well
13:18 Moon Well
13:55 Ancient of Wind
14:00 Ancient of Wind
17:34 Moon Well
18:14 Tree of Life
18:26 Tree of Life
» items
                
                | Boots of Speed | 4 |  | 
| Staff of Preservation | 1 |  | 
| Orb of Venom | 1 |  | 
| Lesser Clarity Potion | 3 |  | 
| Potion of Mana | 2 |  | 
| Scroll of Healing | 6 |  | 
| Anti-magic Potion | 3 |  | 
| Potion of Lesser Invulnerability | 5 |  | 
| Moonstone | 1 |  | 
| Wand of Illusion | 1 |  | 
                27 total
  
               team 2 (loser) 
              
              
aTTaX|DeMusliM (
teal | 229 APM | 6496 actions | 28:23)
              
 4 Archmage 
 2 Summon Water Elemental
 2 Brilliance Aura
 4 Naga Sea Witch 
 2 Frost Arrows
 2 Forked Lightning
 
                » actions 
                
                | Assign group hotkey | 129 |  | 
| Basic commands | 229 |  | 
| Build / train | 153 |  | 
| Enter build submenu | 36 |  | 
| Enter hero's abilities submenu | 9 |  | 
| Give item / drop item | 7 |  | 
| Right click | 2204 |  | 
| Select / deselect | 866 |  | 
| Select group hotkey | 2715 |  | 
| Use ability | 148 |  | 
                6496 total
 » units 
                
                | Peasant | 31 |  | 
| Footman | 12 |  | 
| Sorceress | 9 |  | 
| Priest | 3 |  | 
| Spell Breaker | 20 |  | 
| Mortar Team | 9 |  | 
| Flying Machine | 3 |  | 
                87 total
 » upgrades
                
                | Masonry | 2 |  | 
| Defend | 1 |  | 
| Swords | 2 |  | 
| Lumber Harvesting | 1 |  | 
| Plating | 2 |  | 
| Priest Training | 1 |  | 
| Gunpowder | 1 |  | 
| Sorceress Training | 1 |  | 
                11 total
 » buildings
                
                | Altar of Kings | 2 |  | 
| Farm | 15 |  | 
| Barracks | 1 |  | 
| Scout Tower | 10 |  | 
| Arcane Tower | 4 |  | 
| Town Hall | 1 |  | 
| Lumber Mill | 1 |  | 
| Guard Tower | 10 |  | 
| Keep | 2 |  | 
| Blacksmith | 1 |  | 
| Arcane Vault | 1 |  | 
| Arcane Sanctum | 2 |  | 
| Workshop | 1 |  | 
                51 total
 » build order
                00:02 Altar of Kings
00:04 Altar of Kings
00:16 Farm
00:18 Barracks
00:48 Farm
01:54 Farm
02:48 Scout Tower
03:04 Scout Tower
03:06 Scout Tower
03:07 Arcane Tower
03:14 Farm
03:18 Arcane Tower
03:19 Arcane Tower
04:01 Town Hall
04:47 Lumber Mill
04:50 Scout Tower
05:18 Arcane Tower
05:19 Scout Tower
05:51 Guard Tower
05:51 Guard Tower
06:36 Keep
06:37 Keep
06:47 Scout Tower
06:58 Scout Tower
07:37 Guard Tower
07:37 Guard Tower
07:37 Guard Tower
07:39 Guard Tower
07:39 Guard Tower
07:39 Guard Tower
07:41 Scout Tower
07:43 Scout Tower
07:55 Scout Tower
08:14 Guard Tower
08:18 Blacksmith
08:23 Guard Tower
08:48 Arcane Vault
09:13 Arcane Sanctum
09:45 Arcane Sanctum
10:07 Workshop
10:12 Farm
10:13 Farm
10:43 Farm
12:03 Farm
12:41 Farm
14:53 Farm
15:38 Farm
17:32 Farm
18:45 Farm
19:13 Farm
22:28 Farm
» items
                
                | Staff of Teleportation | 1 |  | 
| Boots of Speed | 1 |  | 
| Potion of Invisibility | 1 |  | 
| Scroll of Healing | 11 |  | 
| Scroll of Town Portal | 5 |  | 
| Scroll of Regeneration | 2 |  | 
| Lesser Clarity Potion | 1 |  | 
                22 total
  
               observersMYM]Pancakes, 
WC3L.Myth, 
SK.reis., 
SK.ReMinD-, 
WC3L.Lychee, 
aTTaX|mace, 
aTTaX|yaWs, 
aTTaX|Sebastian, 
FoReVeR_ManUtd, 
aTTax.Carter[2] Chat log
          (00:03 / Observers) aTTaX|yaWs: btw reis
(00:06 / Observers) SK.reis.: y?
(00:06 / Observers) aTTaX|yaWs: 17:00 CET sunday
(00:08 / Observers) aTTaX|yaWs: is okay
(00:09 / Observers) SK.reis.: yes
(00:10 / Observers) SK.reis.: kk
(00:13 / All) aTTaX|DeMusliM: gl hf
(00:14 / Observers) SK.reis.: bereite dich gut vor
(00:15 / All) SK.SoJu-: gl
(00:21 / Observers) aTTaX|yaWs: i lol'd
(00:23 / Observers) aTTax.Carter[2]: wofür?
(00:24 / Observers) SK.reis.: :D
(00:29 / Observers) SK.reis.: vs lyn @ coru
(00:30 / Observers) SK.reis.: kkk
(00:36 / Observers) aTTax.Carter[2]: tour oder wie
(00:40 / Observers) SK.reis.: die shoutcaster sind ja mal voll lame
(00:40 / Observers) aTTaX|yaWs: für coru zählt nur noch statements schreiben
(00:41 / Observers) aTTaX|yaWs: :)
(00:48 / Observers) aTTax.Carter[2]: ich traine viel atm!
(00:48 / Observers) SK.reis.: super zZzzz
(00:54 / Observers) aTTax.Carter[2]: muss nur recht viel lernen jetzt das WE
(00:55 / Observers) aTTax.Carter[2]: ;X
(01:00 / Observers) SK.reis.: kk
(01:09 / Observers) aTTaX|yaWs: ich mach ihn frisch reis
(01:13 / Observers) aTTaX|yaWs: und wenn ich gewinne lädste mich ein
(01:13 / Observers) SK.reis.: reign 1-0 xlord 
(01:15 / Observers) FoReVeR_ManUtd: is there stream for reign vs xlord?
(01:16 / Observers) aTTaX|yaWs: zum chinaman!
(01:17 / Observers) SK.reis.: so wie es sich anhoert
(01:18 / Observers) FoReVeR_ManUtd: oo
(01:25 / Observers) aTTaX|mace: jo
(01:27 / Observers) SK.reis.: okay yaws
(01:28 / Observers) aTTaX|mace: reign gewinnt
(01:29 / Observers) SK.reis.: bin in koeln
(01:33 / Observers) SK.ReMinD-: reis
(01:34 / Observers) SK.ReMinD-: reign yeT?
(01:34 / Observers) SK.reis.: kriegst ein autogrmam von mir k?
(01:35 / Observers) aTTaX|yaWs: next friday?
(01:36 / Observers) aTTaX|yaWs: :D
(01:37 / Observers) aTTaX|yaWs: K
(01:37 / Observers) aTTaX|yaWs: !
(01:41 / Observers) SK.reis.: 이기고 있는거야
(01:44 / Observers) SK.ReMinD-: oo
(01:44 / Observers) SK.reis.: ;D
(01:51 / Observers) SK.ReMinD-: 1;0 now?
(01:55 / Observers) aTTax.Carter[2]: yes
(01:56 / Observers) SK.reis.: let me check
(01:58 / Observers) SK.ReMinD-: y
(02:01 / Observers) WC3L.Myth: 1-0 SK
(02:03 / Observers) SK.reis.: kk
(02:07 / Observers) WC3L.Myth: oh err
(02:12 / Observers) WC3L.Myth: you mean overall or reign vs xlord?
(02:15 / Observers) FoReVeR_ManUtd: ;D
(02:16 / Observers) SK.reis.: reign ixi
(02:17 / Observers) aTTax.Carter[2]: both 1:0
(02:17 / Observers) aTTax.Carter[2]: ;X
(02:20 / Observers) SK.reis.: :D
(02:21 / Observers) WC3L.Myth: k
(02:25 / Observers) aTTax.Carter[2]: haha
(02:26 / Observers) aTTax.Carter[2]: wispattack
(02:27 / Observers) MYM]Pancakes: Reign won game 1?
(02:32 / Observers) SK.reis.: -.-
(02:33 / Observers) aTTax.Carter[2]: lucky ensnare for ben
(02:35 / Observers) SK.reis.: aow killed
(02:44 / Observers) SK.ReMinD-: It's ok
(02:45 / Observers) aTTaX|yaWs: ouch
(02:50 / Observers) FoReVeR_ManUtd: n1
(02:57 / Observers) MYM]Pancakes: LOLOL
(02:58 / Observers) SK.ReMinD-: surroudned
(02:58 / Observers) aTTax.Carter[2]: that dh has claws
(03:01 / Observers) aTTax.Carter[2]: nice
(03:07 / Observers) SK.reis.: now its over
(03:08 / Observers) aTTaX|yaWs: low hp lvl 1 am
(03:10 / Observers) SK.reis.: reign 1-0
(03:12 / Observers) aTTaX|Sebastian: ixi loos 0-1
(03:12 / Observers) aTTaX|yaWs: ain't good for ben
(03:13 / Observers) aTTaX|yaWs: :[
(03:20 / Observers) aTTax.Carter[2]: did ben do
(03:22 / Observers) aTTax.Carter[2]: miou creep?
(03:22 / Observers) MYM]Pancakes: has expo up
(03:36 / Observers) aTTax.Carter[2]: k am down
(03:38 / Observers) MYM]Pancakes: BAD
(03:44 / Observers) aTTax.Carter[2]: bye am
(03:45 / Observers) aTTaX|yaWs: ben
(03:46 / Observers) aTTaX|yaWs: oh noes
(03:47 / Observers) aTTaX|yaWs: :[
(03:49 / Observers) MYM]Pancakes: tp?
(03:50 / Observers) WC3L.Myth: suicide on creeps
(03:55 / Observers) aTTaX|yaWs: 2arc
(03:56 / Observers) WC3L.Myth: or lure from exp
(03:56 / Observers) aTTaX|yaWs: against
(03:57 / Observers) aTTaX|yaWs: dh
(04:01 / Observers) aTTax.Carter[2]: tod did it too
(04:05 / Observers) aTTax.Carter[2]: but tod kinda raped the early :D
(04:15 / Observers) aTTax.Carter[2]: haste tod lil gesehn?
(04:16 / Observers) MYM]Pancakes: damn
(04:19 / Observers) aTTaX|yaWs: nah
(04:23 / Observers) aTTax.Carter[2]: nicht mehr feierlich
(04:28 / Observers) aTTax.Carter[2]: wie er ihn zervögelt hat auf TS lol
(04:32 / Observers) SK.reis.: 성식아 성덕이 어딨어? 집?
(04:38 / Observers) SK.ReMinD-: ㅇㅇ
(04:38 / Observers) SK.ReMinD-: 집
(04:46 / Observers) SK.reis.: 외 갇이 안간거야?
(05:03 / Observers) aTTax.Carter[2]: rr
(05:04 / Observers) SK.ReMinD-: didn't show up
(05:04 / Observers) aTTax.Carter[2]: wtf
(05:12 / Observers) SK.ReMinD-: even lyn was playing awl final
(05:15 / Observers) SK.reis.: ㅑㅑ
(05:17 / Observers) SK.reis.: kk
(05:21 / Observers) aTTax.Carter[2]: suzrround
(05:22 / Observers) aTTax.Carter[2]: militia
(05:23 / Observers) aTTax.Carter[2]: ASDF
(05:27 / Observers) MYM]Pancakes: Lyn is a good orc =/
(05:30 / Observers) SK.reis.: 박준 랑 통아했어 ㅋㅋ
(05:37 / Observers) SK.ReMinD-: ㅋㅋㅋ
(05:46 / Observers) SK.ReMinD-: 기쁘데?
(05:47 / Observers) SK.reis.: 여자 친구가 받은대
(05:49 / Observers) SK.reis.: 어
(05:50 / Observers) SK.ReMinD-: ..
(05:58 / Observers) aTTax.Carter[2]: gj
(05:58 / Observers) SK.reis.: 여자 친군가 ㅋㅋ ;)
(06:00 / Observers) SK.ReMinD-: ㅇㅇ 맞어
(06:01 / Observers) FoReVeR_ManUtd: -_-
(06:02 / Observers) aTTax.Carter[2]: WTF
(06:03 / Observers) MYM]Pancakes: damn
(06:05 / Observers) aTTax.Carter[2]: ...
(06:06 / Observers) aTTax.Carter[2]: -_-
(06:08 / Observers) aTTax.Carter[2]: tt
(06:28 / Observers) aTTax.Carter[2]: nice
(06:46 / Observers) aTTax.Carter[2]: he will need a LOT of towers
(06:49 / Observers) aTTax.Carter[2]: to survive that bearpush
(06:50 / Observers) aTTaX|yaWs: nah
(06:51 / Observers) aTTaX|yaWs: he wont
(06:59 / Observers) aTTax.Carter[2]: yes he will
(07:02 / Observers) aTTaX|mace: hmm sind aber
(07:04 / Observers) aTTaX|mace: late bears
(07:05 / Observers) aTTax.Carter[2]: lol imba creep :D
(07:17 / Observers) aTTax.Carter[2]: ouch
(07:20 / Observers) MYM]Pancakes: nice pot =)
(07:24 / Observers) aTTax.Carter[2]: wtf
(07:31 / Observers) aTTax.Carter[2]: ah okay
(07:31 / Observers) aTTax.Carter[2]: ^^
(07:49 / Observers) SK.reis.: deutscher hiphop ...
(07:54 / Observers) aTTax.Carter[2]: ?
(07:56 / Observers) WC3L.Myth: jo jo jo
(07:58 / Observers) SK.reis.: auf den cast
(07:58 / Observers) SK.reis.: tt
(07:59 / Observers) aTTax.Carter[2]: was spielen sie
(08:04 / Observers) aTTaX|Sebastian: low
(08:10 / Observers) SK.reis.: k.a kenn imch mit sowas net aus :D
(08:12 / Observers) aTTax.Carter[2]: dryad staff
(08:15 / Observers) aTTax.Carter[2]: der spielt schon tricky :D
(08:52 / Observers) aTTax.Carter[2]: strange start by soju
(09:03 / Observers) aTTaX|yaWs: what the hell are you talking about
(09:08 / Observers) aTTax.Carter[2]: ?
(09:13 / Observers) aTTax.Carter[2]: no expansion
(09:16 / Observers) aTTax.Carter[2]: too late for real bearpush
(09:21 / Observers) aTTax.Carter[2]: so its strange
(09:42 / Observers) aTTax.Carter[2]: if ben gets up 2 arcaines
(09:45 / Observers) aTTax.Carter[2]: he can take it now
(10:13 / Observers) aTTax.Carter[2]: shop at main would be good though
(10:54 / Observers) aTTaX|yaWs: get up some farms
(10:54 / Observers) MYM]Pancakes: mana tower =(
(10:55 / Observers) aTTaX|yaWs: :[
(11:06 / Observers) aTTax.Carter[2]: hm
(11:08 / Observers) aTTax.Carter[2]: looks good imo
(11:14 / Observers) aTTax.Carter[2]: just survove that
(11:19 / Observers) aTTax.Carter[2]: ouh okay
(11:23 / Observers) aTTax.Carter[2]: now its getting hard :D
(11:25 / Observers) aTTaX|yaWs: he will not be able
(11:26 / Observers) aTTaX|yaWs: to survive
(11:27 / Observers) aTTaX|yaWs: that
(11:30 / Observers) aTTax.Carter[2]: beras have entered the base :D
(11:35 / Observers) aTTax.Carter[2]: that pod
(11:41 / Observers) aTTax.Carter[2]: hm
(11:42 / Observers) aTTax.Carter[2]: nice panda
(11:53 / Observers) aTTax.Carter[2]: hm
(12:08 / Observers) aTTax.Carter[2]: tp staff down
(12:09 / Observers) aTTax.Carter[2]: tp up
(12:11 / Observers) aTTax.Carter[2]: and he can do it
(12:21 / Observers) aTTax.Carter[2]: nice
(12:34 / Observers) MYM]Pancakes: QQ
(12:41 / Observers) aTTax.Carter[2]: still no expo for soju
(13:14 / Observers) aTTax.Carter[2]: yeah finally
(13:17 / Observers) aTTax.Carter[2]: uhm
(13:21 / Observers) aTTax.Carter[2]: pew
(13:28 / Observers) aTTaX|yaWs: if he fights now
(13:30 / Observers) aTTaX|yaWs: he will lose
(13:31 / Observers) aTTaX|yaWs: :[
(13:48 / Observers) MYM]Pancakes: towers will help if he tries to push again
(13:52 / Observers) MYM]Pancakes: lol
(13:54 / Observers) MYM]Pancakes: nice move
(13:54 / Observers) aTTax.Carter[2]: he just has to wait
(14:03 / Observers) aTTax.Carter[2]: soju is in upkeep and doesnt ahve expo
(14:07 / Observers) MYM]Pancakes: I thought he was going to expansion
(14:20 / Observers) aTTaX|mace: but the heros
(14:24 / Observers) MYM]Pancakes: lol
(14:24 / Observers) aTTaX|mace: 4/4 vs 2/2
(14:27 / Observers) aTTaX|mace: 2/1
(14:29 / Observers) aTTax.Carter[2]: omg
(14:29 / Observers) aTTax.Carter[2]: pos
(14:30 / Observers) aTTax.Carter[2]: wtf
(14:37 / Observers) aTTaX|yaWs: go ben
(14:41 / Observers) aTTaX|yaWs: figh
(14:44 / Observers) SK.reis.: reign orc
(14:45 / Observers) SK.reis.: :D
(14:48 / Observers) aTTaX|yaWs: zomg
(14:48 / Observers) aTTax.Carter[2]: map?
(14:49 / Observers) SK.ReMinD-: 2nd?
(14:51 / Observers) SK.reis.: tm
(14:52 / Observers) SK.reis.: 어
(14:53 / Observers) aTTax.Carter[2]: hm
(14:54 / Observers) SK.ReMinD-: oo
(14:54 / Observers) aTTax.Carter[2]: tm Oo
(14:57 / Observers) aTTaX|Sebastian: orc
(15:03 / Observers) aTTax.Carter[2]: fearies coming
(15:04 / Observers) aTTax.Carter[2]: shit
(15:12 / Observers) MYM]Pancakes: lol
(16:07 / Observers) MYM]Pancakes: lulz
(16:12 / Observers) aTTax.Carter[2]: ouch
(17:33 / Observers) aTTaX|mace: dh 5
(17:35 / Observers) aTTaX|yaWs: scroll and go
(17:39 / Observers) aTTaX|yaWs: no more time to waste
(17:40 / Observers) aTTaX|yaWs: :8
(17:49 / Observers) WC3L.Myth: should retrain blizz
(17:52 / Observers) aTTax.Carter[2]: hm
(17:55 / Observers) aTTax.Carter[2]: he will lose i think
(18:13 / Observers) aTTax.Carter[2]: ^_^
(18:17 / Observers) FoReVeR_ManUtd: :d
(18:59 / Observers) aTTax.Carter[2]: :D
(19:18 / Observers) aTTax.Carter[2]: 100 pop needed
(19:46 / Observers) aTTaX|yaWs: ouch
(19:48 / Observers) aTTax.Carter[2]: X
(19:48 / Observers) MYM]Pancakes: lol
(19:56 / Observers) aTTaX|yaWs: hm
(20:04 / Observers) aTTax.Carter[2]: if he manages to push up to 100
(20:10 / Observers) aTTax.Carter[2]: and soju still has 80
(20:12 / Observers) aTTax.Carter[2]: he can do it
(20:13 / Observers) aTTaX|yaWs: split
(20:15 / Observers) aTTaX|yaWs: and he is fucked
(20:16 / Observers) aTTaX|yaWs: ahaha
(20:16 / Observers) aTTaX|yaWs: :D
(20:18 / Observers) aTTax.Carter[2]: ya
(20:18 / Observers) aTTax.Carter[2]: ^^
(20:21 / Observers) aTTax.Carter[2]: pew
(20:39 / Observers) FoReVeR_ManUtd: panda good pos
(20:48 / Observers) WC3L.Myth: used pot too
(20:59 / Observers) aTTax.Carter[2]: and he gets the scroll
(21:00 / Observers) aTTax.Carter[2]: shit
(21:15 / Observers) aTTaX|yaWs: blizz
(21:17 / Observers) aTTaX|yaWs: gogo
(21:20 / Observers) aTTax.Carter[2]: blizz + 100 pop
(21:20 / Observers) WC3L.Myth: i really think he should retrain
(21:30 / Observers) aTTax.Carter[2]: panda 5 now
(21:43 / Observers) aTTax.Carter[2]: no blizz ;(
(22:03 / Observers) MYM]Pancakes: ruh roh
(22:04 / Observers) aTTax.Carter[2]: hm
(22:08 / Observers) MYM]Pancakes: 5/5
(22:09 / Observers) aTTax.Carter[2]: that might be good timing now
(22:10 / Observers) MYM]Pancakes: vs 3/3
(22:19 / Observers) WC3L.Myth: he hates that breaker
(22:21 / Observers) aTTax.Carter[2]: if he comes with masspop
(22:24 / Observers) aTTax.Carter[2]: vs only 70
(22:28 / Observers) aTTax.Carter[2]: 80 ;X
(22:37 / Observers) WC3L.Myth: you forget that panda/dh 5 is 50 food
(22:41 / Observers) WC3L.Myth: so 100 vs 120
(22:42 / Observers) aTTax.Carter[2]: ; )
(22:42 / Observers) MYM]Pancakes: LOL
(22:45 / Observers) aTTax.Carter[2]: trust me that something
(22:48 / Observers) aTTax.Carter[2]: i would never forget
(22:48 / Observers) aTTax.Carter[2]: 8[
(22:53 / Observers) aTTax.Carter[2]: *s
(22:54 / Observers) SK.reis.: xlords
(22:56 / Observers) SK.reis.: dk down
(22:59 / Observers) aTTax.Carter[2]: - _
(23:01 / Observers) MYM]Pancakes: ouch
(23:04 / Observers) SK.reis.: 2-0
(23:04 / Observers) SK.reis.: gg
(23:06 / Observers) aTTax.Carter[2]: now gogo
(23:08 / Observers) aTTax.Carter[2]: panda out of town
(23:08 / Observers) MYM]Pancakes: heh
(23:29 / Observers) aTTax.Carter[2]: wisps :X
(23:44 / Observers) aTTax.Carter[2]: panda
(23:44 / Observers) aTTax.Carter[2]: nice
(23:47 / Observers) FoReVeR_ManUtd: faeries o.o
(23:49 / Observers) MYM]Pancakes: invul
(23:50 / Observers) WC3L.Myth: ele's so useless
(23:59 / Observers) aTTax.Carter[2]: nice
(24:02 / Observers) MYM]Pancakes: panda down
(24:05 / Observers) aTTax.Carter[2]: naga still has a scroll
(24:15 / Observers) MYM]Pancakes: wtf
(24:18 / Observers) aTTax.Carter[2]: dh 6 now
(24:18 / Observers) aTTax.Carter[2]: T_T
(24:27 / Observers) aTTaX|yaWs: gg
(24:28 / Observers) aTTax.Carter[2]: ouch
(24:30 / Observers) aTTax.Carter[2]: 50 vs 70
(24:32 / Observers) FoReVeR_ManUtd: superman!
(24:32 / Observers) aTTax.Carter[2]: but dh
(24:33 / Observers) aTTax.Carter[2]: :D
(24:37 / Observers) MYM]Pancakes: too late
(24:47 / Observers) aTTax.Carter[2]: TP
(24:48 / Observers) aTTax.Carter[2]: pew
(24:52 / Observers) aTTaX|yaWs: LOL
(24:52 / Observers) MYM]Pancakes: 11hp
(24:53 / Observers) aTTax.Carter[2]: T_T
(24:53 / Observers) MYM]Pancakes: lol
(24:54 / Observers) FoReVeR_ManUtd: .....
(25:01 / Observers) aTTaX|yaWs: tribute to DH
(25:06 / Observers) aTTax.Carter[2]: i hate that hero
(25:07 / Observers) aTTax.Carter[2]: :D
(25:18 / Observers) MYM]Pancakes: lol
(25:21 / Observers) MYM]Pancakes: only breakers left
(25:34 / Observers) aTTax.Carter[2]: all bears
(25:35 / Observers) aTTax.Carter[2]: out of mana
(25:36 / Observers) aTTax.Carter[2]: thats good
(25:40 / Observers) aTTax.Carter[2]: hm
(25:41 / Observers) aTTax.Carter[2]: nevermind
(25:52 / Observers) aTTaX|yaWs: 1 to heal em all
(25:54 / Observers) aTTax.Carter[2]: ;D
(26:09 / Observers) aTTax.Carter[2]: close game :-(
(26:34 / Observers) MYM]Pancakes: yay, panda back =P
(26:51 / Observers) aTTaX|yaWs: demu will colapse
(27:07 / Observers) aTTax.Carter[2]: blizz would have been
(27:08 / Observers) aTTax.Carter[2]: rly good
(27:14 / Observers) MYM]Pancakes: yeah
(27:14 / Observers) WC3L.Myth: yeah those ele's
(27:15 / Observers) aTTax.Carter[2]: there was a nice wall
(27:17 / Observers) aTTax.Carter[2]: to hit all bears
(27:18 / Observers) WC3L.Myth: died in first seconds
(27:29 / Observers) WC3L.Myth: only feeded dh more exp :/
(27:31 / Observers) MYM]Pancakes: waiting for meta? =P
(28:02 / Observers) aTTaX|yaWs: if he manages to kill this panda
(28:03 / Observers) aTTax.Carter[2]: poor workers
(28:03 / Observers) aTTax.Carter[2]: :D
(28:04 / Observers) aTTaX|yaWs: one more time
(28:07 / Observers) aTTaX|yaWs: and tp out
(28:07 / Observers) aTTax.Carter[2]: he wont 
(28:10 / Observers) aTTaX|yaWs: to avoid
(28:12 / Observers) aTTax.Carter[2]: so many potions
(28:13 / Observers) aTTaX|yaWs: this meta
(28:15 / Observers) aTTaX|yaWs: mb
(28:21 / Observers) aTTax.Carter[2]: omg
(28:21 / Observers) aTTaX|yaWs: so
(28:22 / Observers) MYM]Pancakes: wow
(28:22 / Observers) aTTax.Carter[2]: casters..
(28:23 / All) aTTaX|DeMusliM: gg